 Dungeon Crawl Stone Soup version 0.20.2 (webtiles) character file.

203 Alfie the Shooter (level 5, 0/45 HPs)
             Began as a Minotaur Hunter on Apr 2, 2020.
             Slain by an orc warrior
             ... wielding a +0 scimitar of distortion
              (23 damage)
             ... on level 3 of the Dungeon.
             The game lasted 00:07:14 (1766 turns).

Alfie the Shooter (Minotaur Hunter)                 Turns: 1766, Time: 00:07:15

Health: 0/45       AC:  3    Str: 17    XL:     5   Next: 51%
Magic:  4/4        EV: 12    Int:  8    God:
Gold:   100        SH:  0    Dex: 11    Spells: 4/4 levels left

rFire    . . .     SeeInvis .   b - +0 short sword
rCold    . . .     Gourm    .   (no shield)
rNeg     . . .     Faith    .   c - +0 leather armour
rPois    .         Spirit   .   (helmet restricted)
rElec    .         Reflect  .   (no cloak)
rCorr    .         Harm     .   (no gloves)
MR       .....                  (no boots)
Stlth    +.........             (no amulet)
Regen    0.2/turn               (no ring)
MPRegen  0.1/turn               (no ring)

@: no status effects
A: retaliatory headbutt, horns 2
a: no special abilities


You were on level 3 of the Dungeon.
You were not hungry.

You visited 1 branch of the dungeon, and saw 3 of its levels.

You collected 100 gold pieces.

Inventory:

Hand Weapons
 a - a +1 shortbow
 b - a +0 short sword (weapon)
Armour
 c - a +0 leather armour (worn)
Wands
 o - a wand of random effects (36/48)
Scrolls
 e - a scroll of fear {unknown}
 j - 2 scrolls of identify {unknown}
 m - a scroll of teleportation {unknown}
Potions
 i - a potion of lignification {unknown}
 l - a potion of flight {unknown}
Books
 n - a book of Death

   Spells                             Type                      Level
   a - Corpse Rot                     Necromancy                   2
   b - Sublimation of Blood           Necromancy                   2
   c - Agony                          Necromancy                   5
   d - Dispel Undead                  Necromancy                   5
   e - Excruciating Wounds            Charms/Necromancy            5
   f - Bolt of Draining               Conjuration/Necromancy       5
Comestibles
 f - a bread ration
 h - 3 meat rations
 k - 7 fruits


   Skills:
 + Level 3.6 Fighting
 + Level 0.2 Short Blades
 + Level 6.6 Bows
 + Level 1.2 Armour
 + Level 2.7 Dodging
 + Level 0.8 Stealth


You had 4 spell levels left.
You didn't know any spells.

Dungeon Overview and Level Annotations

Branches:
Dungeon (3/15)

Altars:


Innate Abilities, Weirdness & Mutations

You reflexively headbutt those who attack you in melee.
You have a pair of horns on your head.


Message History

Press: ? - help, Shift-Dir - straight line, f/p - orc wizard
Aim: an orc wizard, wielding a dagger and wearing a robe (heavily wounded, fast)
Okay, then.
Firing (i - inventory): No suitable missiles.
Press: ? - help, Shift-Dir - straight line, f/p - orc wizard
Aim: an orc wizard, wielding a dagger and wearing a robe (heavily wounded, fast)
Okay, then.
Firing (i - inventory): No suitable missiles.
Press: ? - help, Shift-Dir - straight line, f/p - orc wizard
Aim: an orc wizard, wielding a dagger and wearing a robe (heavily wounded, fast)
Okay, then.
Firing (i - inventory): No suitable missiles.
Press: ? - help, Shift-Dir - straight line, f/p - orc wizard
Aim: an orc wizard, wielding a dagger and wearing a robe (heavily wounded, fast)
Okay, then.
Wield which item (- for none, * to show all)? (? for menu, Esc to quit)
b - a +0 short sword (weapon)
The orc warrior hits you with a scimitar of distortion!!
Ouch! That really hurt!
You die...

## .# ##### .#
....# #####.######
.##.#
##+###..@oo.(..(.
.##.#
##...##.###o#.####
.##.# ##.....#.#
.(.
.##.###....))..#
..(#
....##.........#
#(o#
.....'.........+
..#
..####.........#
... ..#
##.....<.... !..o
.†# ##.....#####


You could see an orc warrior, an orc wizard and an orc.

Vanquished Creatures
  An orc wizard (D:3)
  4 gnolls (D:3)
  5 adders
  An ooze (D:1)
  3 worms
  3 dart slugs
  2 leopard geckos (D:2)
  3 orcs (D:3)
  3 giant cockroaches
  8 goblins
  5 hobgoblins
  5 jackals
  3 quokkas
  A ball python (D:2)
  6 bats
  3 frilled lizards
  6 kobolds
  7 rats
69 creatures vanquished.

Notes
Turn   | Place    | Note
-------+----------+-------------------------------------------
     0 | D:1      | Alfie the Minotaur Hunter began the quest for the Orb.
     0 | D:1      | Reached XP level 1. HP: 18/18 MP: 0/0
   329 | D:1      | Reached XP level 2. HP: 25/25 MP: 1/1
   527 | D:1      | Reached skill level 5 in Bows
   608 | D:2      | Reached XP level 3. HP: 23/30 MP: 2/2
   997 | D:2      | Reached XP level 4. HP: 37/37 MP: 3/3
  1491 | D:3      | Reached skill level 6 in Bows
  1503 | D:3      | Reached skill level 1 in Armour
  1503 | D:3      | Reached XP level 5. HP: 45/45 MP: 4/4
  1753 | D:3      | Noticed an orc warrior
  1766 | D:3      | Slain by an orc warrior

Skill      XL: |  1  2  3  4 |
---------------+-------------+-----
Bows           | 5 6 |  6.6
Fighting       | 3 |  3.6
Armour         | 1 |  1.2
Short Blades   | |  0.2
Dodging        | |  2.7
Stealth        | |  0.8

Action                   |  1- 3 |  4- 6 || total
-------------------------+-------+-------++-------
Melee: Short sword       |    20 |     2 ||    22
       Headbutt          |     1 |       ||     1
 Fire: Shortbow          |    93 |    90 ||   183
  Use: Potion            |     1 |     3 ||     4
       Scroll            |       |     2 ||     2
  Eat: Royal jelly       |       |     1 ||     1
Armor: Leather armour    |    10 |     6 ||    16
Dodge: Dodged            |    27 |    28 ||    55
